NWL (28 & UNDER)
SAN DIEGO SMASHERS @ MOOSE JAW GHOSTBUSTERS
06/17/2028
 
TOP OF THE 1ST
San Diego Smashers batting - Pitching for Moose Jaw Ghostbusters : LHP Jon Vaughn
Pitching: LHP Jon Vaughn
Batting: LHB Michael Myers 0-0: Ball
1-0: Called Strike
1-1: Ball
2-1: Ball
3-1: Ground out 4-3 (Groundball, 4)
Batting: RHB Gustavo Torres 0-0: Called Strike
0-1: SINGLE (Line Drive, 8RS)
Batting: LHB Arthur MacDonald 0-0: Ball
1-0: Ball
2-0: Called Strike
2-1: Ball
3-1: Fly out, F4 (Line Drive, 4)
Batting: RHB Jake Reeves 0-0: Fielders Choice at 2nd, 6-4 (Groundball, 6)
Top of the 1st over - 0 run(s), 1 hit(s), 0 error(s), 0 left on base; San Diego 0 - Moose Jaw 0
BOTTOM OF THE 1ST
Moose Jaw Ghostbusters batting - Pitching for San Diego Smashers : LHP Rafael Alemán
Pitching: LHP Rafael Alemán
Batting: LHB David Adams 0-0: Ball
1-0: Foul Ball, location: 2F
1-1: Fly out, F7 (Flyball, 7LD)
Batting: SHB Rafael Acosta 0-0: Ball
1-0: Ball
2-0: Called Strike
2-1: Ball
3-1: Base on Balls
Batting: LHB Raúl Casillán 0-0: Ball
1-0: Grounds into double play, 4-6-3 (Groundball, 4)
Bottom of the 1st over - 0 run(s), 0 hit(s), 0 error(s), 0 left on base; San Diego 0 - Moose Jaw 0
TOP OF THE 2ND
San Diego Smashers batting - Pitching for Moose Jaw Ghostbusters : LHP Jon Vaughn
Batting: LHB Ethan Shaw 0-0: Swinging Strike
0-1: SOLO HOME RUN (Flyball, 89XD), Distance : 392 ft
Batting: RHB Ray Rogers 0-0: Called Strike
0-1: Swinging Strike
0-2: Strikes out looking
Batting: LHB Richard Brooks 0-0: Foul Ball, location: 2F
0-1: DOUBLE (Flyball, 78D)
Batting: RHB Gerald Davis 0-0: Foul Ball, location: 2F
0-1: Ball
1-1: Called Strike
1-2: SINGLE (Groundball, 56S) (infield hit)
Richard Brooks to third
Batting: RHB José Oliveira 0-0: Foul Ball, location: 2F
0-1: Ball
1-1: Called Strike
1-2: SINGLE (Flyball, 7S)
Richard Brooks scores
Gerald Davis to second
Batting: LHB Michael Myers 0-0: Called Strike
0-1: Foul Ball, location: 2F
0-2: Ball
1-2: Foul Ball, location: 2F
1-2: Foul Ball, location: 2F
1-2: Ball
2-2: Ball
Passed Ball!
Gerald Davis to third
José Oliveira to second
3-2: Foul Ball, location: 2F
3-2: Ground out U3 (Groundball, 34S)
Gerald Davis scores
José Oliveira to third
Batting: RHB Gustavo Torres 0-0: Ground out 4-3 (Groundball, 4)
Top of the 2nd over - 3 run(s), 4 hit(s), 0 error(s), 1 left on base; San Diego 3 - Moose Jaw 0
BOTTOM OF THE 2ND
Moose Jaw Ghostbusters batting - Pitching for San Diego Smashers : LHP Rafael Alemán
Batting: RHB Ron Elazar 0-0: Called Strike
0-1: Ball
1-1: Ball
2-1: Foul Ball, location: 2F
2-2: SINGLE (Groundball, 25) (infield hit)
Batting: LHB Will Vale 0-0: Fielders Choice at 2nd, 4-6 (Groundball, 34)
Batting: LHB Jon Scott 0-0: Called Strike
0-1: Foul Ball, location: 2F
0-2: Fielders Choice at 2nd, 4-6 (Groundball, 34)
Batting: RHB Henry Barker 0-0: Ball
1-0: Foul Ball, location: 2F
1-1: Ground out 4-3 (Groundball, 34)
Bottom of the 2nd over - 0 run(s), 1 hit(s), 0 error(s), 1 left on base; San Diego 3 - Moose Jaw 0
TOP OF THE 3RD
San Diego Smashers batting - Pitching for Moose Jaw Ghostbusters : LHP Jon Vaughn
Batting: LHB Arthur MacDonald 0-0: Ground out 3-1 (Groundball, 34)
Batting: RHB Jake Reeves 0-0: Ball
1-0: Ball
2-0: Ball
3-0: Called Strike
3-1: SINGLE (Groundball, 34D)
Batting: LHB Ethan Shaw 0-0: Fielders Choice at 2nd, 6-4 (Groundball, 6)
Batting: RHB Ray Rogers 0-0: Ball
1-0: Swinging Strike
1-1: Ball
2-1: Called Strike
2-2: Foul Ball, location: 2F
2-2: Foul Ball, location: 2F
2-2: Strikes out swinging
Top of the 3rd over - 0 run(s), 1 hit(s), 0 error(s), 1 left on base; San Diego 3 - Moose Jaw 0
BOTTOM OF THE 3RD
Moose Jaw Ghostbusters batting - Pitching for San Diego Smashers : LHP Rafael Alemán
Now at SS: Michael Aisher
Batting: RHB Aaron Murray 0-0: SOLO HOME RUN (Flyball, 9D), Distance : 361 ft
Batting: LHB Francisco Cardenas 0-0: Ball
1-0: Called Strike
1-1: Ball
2-1: Ball
3-1: Called Strike
3-2: Base on Balls
Batting: LHB David Adams 0-0: Called Strike
0-1: Foul Ball, location: 2F
0-2: SINGLE (Flyball, 78S)
Francisco Cardenas to second
Batting: SHB Rafael Acosta 0-0: Called Strike
0-1: DOUBLE (Line Drive, 89XD)
Francisco Cardenas scores
David Adams to third
Batting: LHB Raúl Casillán 0-0: Ball
1-0: Ball
2-0: Ball
Wild Pitch!
David Adams scores
Rafael Acosta to third
3-0: Base on Balls
Batting: RHB Ron Elazar 0-0: Ball
1-0: Ball
2-0: Called Strike
2-1: Called Strike
2-2: Ball
3-2: Base on Balls
Raúl Casillán to second
Batting: LHB Will Vale 0-0: Ball
1-0: Ball
2-0: Foul Ball, location: 2F
2-1: Called Strike
2-2: Grounds into fielders choice 3-2 (Groundball, 34)
Raúl Casillán to third
Ron Elazar to second
Batting: LHB Jon Scott 0-0: Fly out, F7 (Flyball, 7LM)
Runner from 3rd tags up, SCORES, no throw
Batting: RHB Henry Barker 0-0: SINGLE (Groundball, 4MD)
Ron Elazar to third
Will Vale to second
Runner from 3rd tries for Home, SAFE, no throw
Pitching: RHP Andre Huff
Batting: RHB Aaron Murray 0-0: Ball
1-0: Ball
2-0: Ball
3-0: Called Strike
3-1: Foul Ball, location: 2F
3-2: Base on Balls
Will Vale to third
Henry Barker to second
Batting: LHB Francisco Cardenas 0-0: Foul Ball, location: 2F
0-1: Ball
1-1: Called Strike
1-2: Strikes out swinging
Bottom of the 3rd over - 5 run(s), 4 hit(s), 0 error(s), 3 left on base; San Diego 3 - Moose Jaw 5
TOP OF THE 4TH
San Diego Smashers batting - Pitching for Moose Jaw Ghostbusters : LHP Jon Vaughn
Batting: LHB Richard Brooks 0-0: Swinging Strike
0-1: Ball
1-1: Called Strike
1-2: Foul Ball, location: 2F
1-2: Ball
2-2: Fly out, F9 (Flyball, 9D)
Batting: RHB Gerald Davis 0-0: Fly out, F7 (Flyball, 7S)
Batting: RHB José Oliveira 0-0: Called Strike
0-1: SINGLE (Line Drive, 89S)
Batting: LHB Michael Myers 0-0: Ball
1-0: Called Strike
Pickoff Throw to First - Error! E1
José Oliveira to second
1-1: Swinging Strike
1-2: Ground out 6-3 (Groundball, 6M)
Top of the 4th over - 0 run(s), 1 hit(s), 1 error(s), 1 left on base; San Diego 3 - Moose Jaw 5
BOTTOM OF THE 4TH
Moose Jaw Ghostbusters batting - Pitching for San Diego Smashers : RHP Andre Huff
Batting: LHB David Adams 0-0: Ball
1-0: Reached on error, E5 (Groundball, 56S)
Batting: SHB Rafael Acosta 0-0: Ball
1-0: Fly out, F8 (Flyball, 8LM)
Runner from 2nd tags up, SAFE at 3rd with throw
Batting: LHB Raúl Casillán 0-0: Foul Ball, location: 2F
0-1: Ball
1-1: Swinging Strike
1-2: Strikes out swinging
Batting: RHB Ron Elazar 0-0: Ball
1-0: Fly out, F8 (Flyball, 8RS)
Bottom of the 4th over - 0 run(s), 0 hit(s), 1 error(s), 1 left on base; San Diego 3 - Moose Jaw 5
TOP OF THE 5TH
San Diego Smashers batting - Pitching for Moose Jaw Ghostbusters : LHP Jon Vaughn
Batting: RHB Gustavo Torres 0-0: Ball
1-0: Foul Ball, location: 2F
1-1: Foul Ball, location: 2F
1-2: Ball
2-2: Ball
3-2: SINGLE (Flyball, 8LS)
Batting: LHB Arthur MacDonald 0-0: Foul Ball, location: 2F
0-1: Ball
1-1: Ball
2-1: Foul Ball, location: 2F
2-2: Foul Ball, location: 2F
2-2: Fly out, F8 (Flyball, 78S)
Batting: SHB Michael Aisher 0-0: Ball
1-0: Foul Ball, location: 2F
1-1: Called Strike
Gustavo Torres is caught stealing 2nd base
1-2: Strikes out looking
Top of the 5th over - 0 run(s), 1 hit(s), 0 error(s), 0 left on base; San Diego 3 - Moose Jaw 5
BOTTOM OF THE 5TH
Moose Jaw Ghostbusters batting - Pitching for San Diego Smashers : RHP Andre Huff
Batting: LHB Will Vale 0-0: Swinging Strike
0-1: Swinging Strike
0-2: Foul Ball, location: 2F
0-2: Ball
1-2: Strikes out swinging
Batting: LHB Jon Scott 0-0: Ball
1-0: Fly out, F8 (Line Drive, 78S)
Batting: RHB Henry Barker 0-0: Ball
1-0: Ground out 6-3 (Groundball, 6)
Bottom of the 5th over - 0 run(s), 0 hit(s), 0 error(s), 0 left on base; San Diego 3 - Moose Jaw 5
TOP OF THE 6TH
San Diego Smashers batting - Pitching for Moose Jaw Ghostbusters : LHP Jon Vaughn
Batting: LHB Ethan Shaw 0-0: Swinging Strike
0-1: Swinging Strike
0-2: Foul Ball, location: 2F
0-2: Strikes out swinging
Batting: RHB Ray Rogers 0-0: Foul Ball, location: 2F
0-1: DOUBLE (Line Drive, 7LM)
Batting: LHB Richard Brooks 0-0: Ball
1-0: Ball
2-0: Foul Ball, location: 2F
2-1: Swinging Strike
2-2: Ball
3-2: Base on Balls
Pitching: RHP José Orozco
Pinch Runner at 2nd Manny Torrez:
Batting: RHB Gerald Davis 0-0: Called Strike
Manny Torrez steals 3rd base
Richard Brooks to second
0-1: Fly out, F9 (Flyball, 9LSF)
Runner from 3rd tags up, SCORES, no throw
Batting: RHB José Oliveira 0-0: Ball
1-0: Ball
2-0: Ground out 6-3 (Groundball, 6)
Top of the 6th over - 1 run(s), 1 hit(s), 0 error(s), 1 left on base; San Diego 4 - Moose Jaw 5
BOTTOM OF THE 6TH
Moose Jaw Ghostbusters batting - Pitching for San Diego Smashers : RHP Andre Huff
Now at 3B: John Nelson
Batting: RHB Aaron Murray 0-0: Ball
1-0: Ball
2-0: SOLO HOME RUN (Flyball, 7D), Distance : 383 ft
Pitching: RHP Norberto Deleón
Batting: LHB Francisco Cardenas 0-0: Called Strike
0-1: Ball
1-1: Ball
2-1: SOLO HOME RUN (Flyball, 78XD), Distance : 430 ft
Pitching: LHP Alejandro Flores
Batting: LHB David Adams 0-0: Ground out 3-1 (Groundball, 34S)
Batting: SHB Rafael Acosta 0-0: Ball
1-0: Ball
2-0: Fly out, F5 (Popup, 5L)
Batting: LHB Raúl Casillán 0-0: Foul Ball, location: 2F
0-1: Called Strike
0-2: Strikes out swinging
Bottom of the 6th over - 2 run(s), 2 hit(s), 0 error(s), 0 left on base; San Diego 4 - Moose Jaw 7
TOP OF THE 7TH
San Diego Smashers batting - Pitching for Moose Jaw Ghostbusters : RHP José Orozco
Batting: LHB Michael Myers 0-0: Ball
1-0: Foul Ball, location: 2F
1-1: Ball
2-1: Foul Ball, location: 2F
2-2: SINGLE (Groundball, 4S) (infield hit)
Batting: RHB Gustavo Torres 0-0: Ball
1-0: Ball
Michael Myers steals 2nd base
2-0: Ball
3-0: Base on Balls
Batting: LHB Arthur MacDonald 0-0: Foul Ball, location: 2F
0-1: Ball
1-1: Ball
2-1: Foul Ball, location: 2F
2-2: Foul Ball, location: 2F
2-2: Strikes out swinging
Batting: SHB Michael Aisher 0-0: Called Strike
0-1: Foul Ball, location: 2F
0-2: Ball
1-2: Ball
2-2: Strikes out swinging
Batting: LHB Ethan Shaw 0-0: Ball
1-0: Foul Ball, location: 2F
1-1: Ball
2-1: Foul Ball, location: 2F
2-2: Ball
3-2: Strikes out swinging
Top of the 7th over - 0 run(s), 1 hit(s), 0 error(s), 2 left on base; San Diego 4 - Moose Jaw 7
BOTTOM OF THE 7TH
Moose Jaw Ghostbusters batting - Pitching for San Diego Smashers : LHP Alejandro Flores
Batting: RHB Ron Elazar 0-0: Ball
1-0: Ball
2-0: Fly out, F7 (Flyball, 7)
Batting: LHB Will Vale 0-0: Ball
1-0: Foul Ball, location: 2F
1-1: Swinging Strike
1-2: Strikes out looking
Batting: LHB Jon Scott 0-0: Swinging Strike
0-1: SINGLE (Line Drive, 3L)
Batting: RHB Henry Barker 0-0: Called Strike
0-1: Called Strike
0-2: Foul Ball, location: 2F
0-2: Ball
1-2: Ball
2-2: Foul Ball, location: 2F
2-2: Foul Ball, location: 2F
2-2: Fielders Choice at 2nd, 6-4 (Groundball, 6)
Bottom of the 7th over - 0 run(s), 1 hit(s), 0 error(s), 0 left on base; San Diego 4 - Moose Jaw 7
TOP OF THE 8TH
San Diego Smashers batting - Pitching for Moose Jaw Ghostbusters : RHP José Orozco
Batting: RHB John Nelson 0-0: Ground out 6-3 (Groundball, 6)
Batting: LHB Richard Brooks 0-0: Ball
1-0: Called Strike
1-1: Foul Ball, location: 2F
1-2: DOUBLE (Line Drive, 9LM)
Batting: RHB Gerald Davis 0-0: Foul Ball, location: 2F
0-1: Foul Ball, location: 2F
0-2: Ball
1-2: Ball
2-2: Foul Ball, location: 2F
2-2: SINGLE (Line Drive, 4)
Richard Brooks to third
Runner from 3rd tries for Home, SAFE, throw made home
Batting: RHB José Oliveira 0-0: Ball
1-0: Ball
2-0: Ball
3-0: Base on Balls
Gerald Davis to second
Pitching: LHP Javier Galeas
Batting: LHB Michael Myers 0-0: Called Strike
0-1: Ball
1-1: Ball
2-1: Fly out, F9 (Line Drive, 9S)
Pinch Hitting: RHB Fred Ameris 0-0: Called Strike
0-1: Ground out 5-3 (Groundball, 56)
Top of the 8th over - 1 run(s), 2 hit(s), 0 error(s), 2 left on base; San Diego 5 - Moose Jaw 7
BOTTOM OF THE 8TH
Moose Jaw Ghostbusters batting - Pitching for San Diego Smashers : LHP Alejandro Flores
Now in CF: Gonzalo Benítez
Batting: RHB Aaron Murray 0-0: Ball
1-0: Foul Ball, location: 2F
1-1: Ball
2-1: SINGLE (Line Drive, 34)
Batting: LHB Francisco Cardenas 0-0: Ball
1-0: Bunted foul
1-1: Bunted foul
1-2: Foul Ball, location: 2F
1-2: Ball
2-2: Strikes out looking
Batting: LHB David Adams 0-0: Foul Ball, location: 2F
0-1: Foul Ball, location: 2F
0-2: Ball
1-2: Ball
2-2: SINGLE (Groundball, 25) (infield hit)
Aaron Murray to second
Pinch Hitting: RHB Yasuhiko Sumita Balk!
Aaron Murray to third
David Adams to second
0-0: Intentional Walk
Pitching: RHP Rick Hernández
Batting: LHB Raúl Casillán 0-0: Ball
1-0: Swinging Strike
1-1: Ball
2-1: Ball
3-1: Base on Balls
Aaron Murray scores
David Adams to third
Yasuhiko Sumita to second
Batting: RHB Ron Elazar 0-0: Ball
1-0: Swinging Strike
1-1: Called Strike
1-2: Foul Ball, location: 2F
1-2: Strikes out looking
Batting: LHB Will Vale 0-0: Fielders Choice at 2nd, 4-6 (Groundball, 4)
Bottom of the 8th over - 1 run(s), 2 hit(s), 0 error(s), 2 left on base; San Diego 5 - Moose Jaw 8
TOP OF THE 9TH
San Diego Smashers batting - Pitching for Moose Jaw Ghostbusters : LHP Javier Galeas
Now in RF: Dave Stewart
Batting: LHB Arthur MacDonald 0-0: SINGLE (Line Drive, 6MD)
Batting: SHB Michael Aisher 0-0: Grounds into double play, 1-6-3 (Groundball, P)
Batting: LHB Ethan Shaw 0-0: SINGLE (Flyball, 8RS)
Batting: RHB John Nelson 0-0: Ball
1-0: Ball
2-0: Called Strike
2-1: Ball
3-1: Fly out, F9 (Line Drive, 9)
Top of the 9th over - 0 run(s), 2 hit(s), 0 error(s), 1 left on base; San Diego 5 - Moose Jaw 8
Tuesday, August 8th, 2017 - OOTP Baseball 17.12 Build 75